 Dungeon Crawl Stone Soup version 0.31.0-32-g396128a36d (webtiles) character file.

Game seed: 5295765077866315611

40 0gre the Chiller (level 3, -3/25 HPs)
             Began as a Gnoll Ice Elementalist on Apr 5, 2024.
             Slain by Crazy Yiuf
             ... wielding a +2 quarterstaff of chaos
              (8 damage)
             ... on level 2 of the Dungeon.
             The game lasted 00:06:20 (1233 turns).

0gre the Chiller (Gnoll Ice Elementalist)           Turns: 1233, Time: 00:06:20

Health: -3/25      AC:  2    Str:  7    XL:     3   Next: 50%
Magic:  6/9        EV: 13    Int: 14    God:
Gold:   74         SH:  0    Dex: 14    Spells: 8/12 levels left

rFire   . . .        a - +0 short sword
rCold   . . .        (no shield)
rNeg    . . .        c - +0 robe
rPois   .            (no helmet)
rElec   .            (no cloak)
rCorr   .            (no gloves)
SInv    .            (no boots)
Will    .....        (no amulet)
Stlth   +++          (no ring)
HPRegen 0.24/turn    (no ring)
MPRegen 0.11/turn

%: no passive effects
@: freezing walls, hasted, very quick
A: fangs 1, strong nose, distributed training
a: no special abilities


You were on level 2 of the Dungeon.
You visited 1 branch of the dungeon, and saw 2 of its levels.

You collected 114 gold pieces.
You spent 40 gold pieces at shops.

Inventory:

Hand Weapons
 a - a +0 short sword (weapon)
Armour
 c - a +0 robe (worn)
Scrolls
 d - a scroll of poison
 f - a scroll of teleportation {unknown}
 g - a scroll of vulnerability {unknown}
Potions
 b - a potion of magic
 e - a potion of mutation
 h - a potion of enlightenment {unknown}


   Skills:
 + Level 0.9 Fighting
 + Level 0.9 Short Blades
 + Level 0.9 Long Blades
 + Level 0.9 Axes
 + Level 0.9 Maces & Flails
 + Level 0.9 Polearms
 + Level 0.9 Staves
 + Level 0.9 Ranged Weapons
 + Level 0.9 Throwing
 + Level 0.9 Armour
 + Level 4.5 Dodging
 + Level 4.2 Stealth
 + Level 0.9 Shields
 + Level 0.9 Unarmed Combat
 + Level 5.0 Spellcasting
 + Level 0.6 Conjurations
 + Level 0.6 Hexes
 + Level 0.6 Summonings
 + Level 0.6 Necromancy
 + Level 0.6 Translocations
 + Level 0.6 Fire Magic
 + Level 7.1 Ice Magic
 + Level 0.6 Air Magic
 + Level 0.6 Earth Magic
 + Level 0.6 Alchemy
 + Level 1.0 Invocations
 + Level 0.9 Evocations
 + Level 0.7 Shapeshifting


You had 8 spell levels left.
You knew the following spells:

 Your Spells              Type           Power      Damage    Failure   Level
a - Freeze                Ice            92%        1d9       1%          1
b - Frozen Ramparts       Ice            46%        1d7       2%          3

Your spell library contained the following spells:

 Spells                   Type           Power      Damage    Failure   Level
 Ozocubu's Armour         Ice            23%        N/A       2%          3
 Ensorcelled Hibernation  Hex/Ice        28%        N/A       5%          2
 Summon Ice Beast         Ice/Summ       14%        N/A       11%         3
 Passwall                 Erth           5%         N/A       38%         3
 Swiftness                Air            5%         N/A       38%         3


Dungeon Overview and Level Annotations

Branches:
Dungeon (2/15)

Altars:

Shops:
D:1 *

Annotations:
D:2 Crazy Yiuf


Innate Abilities, Weirdness & Mutations

You have very sharp teeth.
Your uncanny sense of smell can sniff out nearby items.
Your experience applies equally to all skills.


Message History

You kill the frilled lizard!
Found 17 gold pieces.
h - a silvery potion You see here a staff of conjuration.
i - a staff of conjuration You drop a staff of conjuration.
You now have 74 gold pieces (gained 17).
Things that are here:
a quokka corpse; a giant cockroach corpse You see here a +0 ring mail.
Found a hammer.
Found a runed translucent door.
Crazy Yiuf shouts!
Casting: Frozen Ramparts (dangerous; 2% risk of failure)
Confirm with . or Enter, or press ? or * to list all spells.
Casting: Frozen Ramparts (dangerous; 2% risk of failure)
Press: ? - help, Dir - look around, f - activate The walls around you are covered in ice.
Crazy Yiuf whimpers, "Liver eyeball green!"
You open the door.
The wall freezes Crazy Yiuf.
You barely miss Crazy Yiuf.
Crazy Yiuf is lightly wounded.
The wall freezes Crazy Yiuf but does no damage.
Crazy Yiuf hits you with a +2 quarterstaff of chaos!
Ouch! That really hurt!
You feel yourself speed up.
You barely miss Crazy Yiuf.
Crazy Yiuf is lightly wounded.
The wall freezes Crazy Yiuf.
Crazy Yiuf hits you with a +2 quarterstaff of chaos.
* * * LOW HITPOINT WARNING * * *
Crazy Yiuf burns you.
* * * LOW HITPOINT WARNING * * *
You hit Crazy Yiuf but do no damage.
Crazy Yiuf is moderately wounded.
You hit Crazy Yiuf. Your bite misses Crazy Yiuf.
Crazy Yiuf is moderately wounded.
The wall freezes Crazy Yiuf!
Crazy Yiuf laughs, "Adder hand bush!"
Crazy Yiuf hits you with a +2 quarterstaff of chaos!
You die...

### ♣♣####
#)..#♣♣ ♣♣....##
#...g@♣♣♣♣......#
#...#♣..♣.......#
### ♣♣♣.♣....#.#
## ♣♣♣♣♣###.# #.
##.# #. ###..# #.
#...## #.
#######.#######.
.............†..


You could see Crazy Yiuf.

Vanquished Creatures
  5 endoplasms
  3 giant cockroaches
  A goblin (D:1)
  3 hobgoblins (D:1)
  4 jackals (D:2)
  3 quokkas
  3 ball pythons (D:1)
  4 bats
  3 frilled lizards
  5 kobolds (D:1)
34 creatures vanquished.

Notes
Turn   | Place    | Note
-------+----------+-------------------------------------------
     0 | D:1      | 0gre the Gnoll Ice Elementalist began the quest for the
                  | Orb.
     0 | D:1      | Reached XP level 1. HP: 13/13 MP: 6/6
   130 | D:1      | Reached XP level 2. HP: 19/19 MP: 5/7
   179 | D:1      | Found Vehu's General Store.
   185 | D:1      | Bought a scroll of identify for 20 gold pieces
   441 | D:1      | Bought a scroll of identify for 20 gold pieces
   508 | D:1      | Reached skill level 5 in Spellcasting
   508 | D:1      | Reached XP level 3. HP: 23/25 MP: 6/9
   522 | D:1      | Learned a level 3 spell: Frozen Ramparts
  1039 | D:2      | Reached skill level 1 in Invocations
  1224 | D:2      | Found a runed translucent door.
  1225 | D:2      | Noticed Crazy Yiuf
  1233 | D:2      | Slain by Crazy Yiuf

Illustrated notes

Levels and vault maps discovered:
D:1:      evilmike_arrival_rings, layout_loops_ring, serial_shops,
          nicolae_shop_tiny_real_fake_doors
D:2:      layout_basic, uniq_crazy_yiuf_cottage

Skill      XL: |  1  2  3 |
---------------+----------+-----
Spellcasting   | 5 |  5.0
Invocations    | 1 |  1.0
Fighting       | |  0.9
Short Blades   | |  0.9
Long Blades    | |  0.9
Axes           | |  0.9
Maces & Flails | |  0.9
Polearms       | |  0.9
Staves         | |  0.9
Ranged Weapons | |  0.9
Throwing       | |  0.9
Armour         | |  0.9
Dodging        | |  4.5
Stealth        | |  4.2
Shields        | |  0.9
Unarmed Combat | |  0.9
Conjurations   | |  0.6
Hexes          | |  0.6
Summonings     | |  0.6
Necromancy     | |  0.6
Translocations | |  0.6
Fire Magic     | |  0.6
Ice Magic      | |  7.1
Air Magic      | |  0.6
Earth Magic    | |  0.6
Alchemy        | |  0.6
Evocations     | |  0.9
Shapeshifting  | |  0.7

Action                     || total
---------------------------++-------
  Melee: Dagger            ||    36
         Bite              ||     3
         Short sword       ||    16
   Cast: Freeze            ||    21
         Frozen Ramparts   ||     3
    Use: Scroll            ||     2
   Stab: Sleeping          ||     4
         Distracted        ||     1
 Armour: Robe              ||    33
  Dodge: Dodged            ||    50
